 Dungeon Crawl Stone Soup version 0.28-a0-529-g3bad584f25 (webtiles) character file.

Game seed: 5092985481451072269

8 spiderkeys the Skirmisher (level 2, -6/29 HPs)
             Began as a Gnoll Abyssal Knight on Sept 24, 2021.
             Was a Follower of Lugonu.
             Mangled by a large abomination (23 damage)
             ... on level 1 of the Abyss.
             The game lasted 00:00:24 (119 turns).

spiderkeys the Skirmisher (Gnoll Abyssal Knight)     Turns: 119, Time: 00:00:24

Health: -6/29      AC:  3    Str: 12    XL:     2   Next: 8%
Magic:  5/5        EV: 12    Int:  9    God:    Lugonu [*.....]
Gold:   0          SH:  0    Dex: 12    Spells: 1/1 levels left

rFire   . . .      SeeInvis .   a - +1 spear
rCold   . . .      Faith    .   (no shield)
rNeg    . . .      Spirit   .   b - +0 leather armour
rPois   .          Reflect  .   (no helmet)
rElec   .          Harm     .   (no cloak)
rCorr   .          Rampage  .   (no gloves)
Will    .....                   (no boots)
Stlth   +.........              (no amulet)
HPRegen 0.09/turn               (no ring)
MPRegen 0.09/turn               (no ring)

@: no status effects
A: fangs 1, strong nose, distributed training
a: Renounce Religion, Depart the Abyss


You were on level 1 of the Abyss.
You worshipped Lugonu.
Lugonu was aware of your devotion.
You visited 0 branches of the dungeon, and saw 0 of its levels.
You visited the Abyss 1 time.


Innate Abilities, Weirdness & Mutations

You have very sharp teeth.
Your uncanny sense of smell can sniff out nearby items.
Your experience applies equally to all skills.


   Skills:
 + Level 6.4 Fighting
 + Level 0.2 Short Blades
 + Level 0.2 Long Blades
 + Level 0.2 Axes
 + Level 0.2 Maces & Flails
 + Level 4.4 Polearms
 + Level 0.2 Staves
 + Level 0.2 Slings
 + Level 0.2 Bows
 + Level 0.2 Crossbows
 + Level 0.2 Throwing
 + Level 4.4 Armour
 + Level 2.4 Dodging
 + Level 0.2 Stealth
 + Level 0.2 Shields
 + Level 0.2 Unarmed Combat
 + Level 0.2 Spellcasting
 + Level 0.1 Conjurations
 + Level 0.1 Hexes
 + Level 0.1 Summonings
 + Level 0.1 Necromancy
 + Level 0.1 Translocations
 + Level 0.1 Transmutations
 + Level 0.1 Fire Magic
 + Level 0.1 Ice Magic
 + Level 0.1 Air Magic
 + Level 0.1 Earth Magic
 + Level 0.1 Poison Magic
 + Level 4.4 Invocations
 + Level 0.2 Evocations


You had one spell level left.
You didn't know any spells.
Your spell library was empty.

Inventory:

Hand Weapons
 a - a +1 spear (weapon)
Missiles
 c - 19 stones
Armour
 b - a +0 leather armour (worn)

Dungeon Overview and Level Annotations

Branches:
Dungeon (0/15)

Altars:

# #. ## .#...
≈.≈. #.###..# #
.... #.....# .#
.≈.≈. #.@.#####.#
.≈.≈≈
##bX#.....#......
#.L##..#.##... ≈≈
#...21.#L ##
#..#####..#.##
###.x...##.#.
...... #.## #####
#........ .#....
. .
.....###....##.


You could see a dread lich (fast), a large abomination and a fire bat.


Message History

🤖 Initializing magus.rc ...
Options error: Delay interrupt name "hungry" not recognised. (~/.crawlrc:4988) ✅ Successfully initialized magus.rc [v1.9.10] Welcome, spiderkeys the Gnoll Abyssal Knight.
Will you prevail where others failed? Will you find the Orb of Zot?
Lugonu says: Depart the Abyss and spread corruption, my servant! (use the ability menu to exit the Abyss) Press ? for a list of commands and other information.
Found a corrupted altar of Lugonu.
c - 19 stones You enter the shallow water.
Moving in this stuff is going to be slow.
A shadow imp emerges from the beyond.
The shadow imp shouts, "Quit, thou obnoxious spur-galled fustilarian!"
You hit the shadow imp. You hit the shadow imp.
The shadow imp splashes around in the water.
You hit the shadow imp. The shadow imp barely misses you.
You hit the shadow imp.
You kill the shadow imp!
You have reached level 2! 😎 HP[+6] MP[+2]
You now have 29 max hp (+6).
Your hp is fully restored (29).
Your mp is fully restored (5).
You enter the shallow water.
Moving in this stuff is going to be slow.
d - a scroll labelled LIUFULUFANA A fire bat comes into view.
The dread lich shouts!
The fire bat closely misses you. The fire bat bites you.
You are engulfed in flames! 😮 HP[-8]
You take 8 damage, and now have 21/29 hp.
MASSIVE DAMAGE!! (PAUSE)
As you read the scroll labelled LIUFULUFANA, it crumbles to dust.
You assume a fearsome visage.
The fire bat looks frightened!
The dread lich is unaffected.
It was a scroll of fear.
A small abomination comes into view. 😕 HP[+1]
The dread lich casts a spell.
The dread lich seems to speed up.
A large abomination comes into view.
The dread lich casts a spell.
The dread lich casts a spell.
The large abomination hits you. 😮 HP[-4]
You take 4 damage, and now have 18/29 hp.
Unknown command.
The large abomination hits you.
The dread lich touches you but does no damage. 😮 HP[-1]
You take 1 damage, and now have 17/29 hp.
The fire bat closely misses you. The large abomination hits you!!
Ouch! That really hurt!
You die...

Action                   || total
-------------------------++-------
Melee: Spear             ||     4
  Use: Scroll            ||     1
Armor: Leather armour    ||     1
Dodge: Dodged            ||     3

Levels and vault maps discovered:
Abyss:1:  base: Temple, base: Temple, gammafunk_corrupted_shrine

Notes
Turn   | Place    | Note
-------+----------+-------------------------------------------
     0 | Abyss:1  | spiderkeys the Gnoll Abyssal Knight began the quest for the
                  | Orb.
     0 | Abyss:1  | Reached XP level 1. HP: 23/23 MP: 3/3
     0 | Abyss:1  | magus.rc [v1.9.10]
    69 | Abyss:1  | Reached XP level 2. HP: 29/29 MP: 5/5
   103 | Abyss:1  | Noticed a fire bat
   104 | Abyss:1  | Noticed a dread lich
   115 | Abyss:1  | Noticed a large abomination
   116 | Abyss:1  | Noticed a hellion
   118 | Abyss:1  | Noticed a Tzitzimitl
   119 | Abyss:1  | Mangled by a large abomination

Vanquished Creatures
  A shadow imp (Abyss:1)
1 creature vanquished.

Table legend:
 A = Non-vault XP
 B = Vault XP
 C = Vault XP percentage of total XP
 D = Non-vault monster count
 E = Vault monster count
 F = Vault count percentage of total count
                 A         B        C        D         E       F
            +---------+---------+-------+---------+---------+-------
      Total |      12 |       0 |   0.0 |       1 |       0 |   0.0
            +---------+---------+-------+---------+---------+-------
    Abyss:1 |      12 |       0 |   0.0 |       1 |       0 |   0.0
            +---------+---------+-------+---------+---------+-------

Illustrated notes

Table legend:
 A = Kills in this place as a percentage of kills in entire the game.
 B = Kills by you in this place as a percentage of kills by you in the entire game.
 C = Kills by friends in this place as a percentage of kills by friends in the entire game.
 D = Other kills in this place as a percentage of other kills in the entire game.
 E = Experience gained in this place as a percentage of experience gained in the entire game.
 F = Experience gained in this place divided by the number of levels of this place that you have seen.
                   A       B       C       D       E      F
               +-------+-------+-------+-------+-------+----------------------
         Total | 100.0 | 100.0 |   N/A |   N/A | 100.0 |  12.0
         Abyss | 100.0 | 100.0 |   N/A |   N/A | 100.0 |  12.0
               +-------+-------+-------+-------+-------+----------------------

Table legend: (Time is in decaauts)
 A = Elapsed time spent in this place.
 B = Non-inter-level travel time spent in this place.
 C = Inter-level travel time spent in this place.
 D = Time resting spent in this place.
 E = Time spent auto-exploring this place.
 F = Levels seen in this place.
 G = Mean time per level.
                   A        B        C        D        E       F      G
               +--------+--------+--------+--------+--------+-----+--------+
         Total |    121 |    121 |      0 |      0 |     63 |   1 |  121.0 |
         Abyss |    121 |    121 |      0 |      0 |     63 |   1 |  121.0 |
               +--------+--------+--------+--------+--------+-----+--------+

Top non-repeatable levels by time:
 Abyss:1: 121 daAuts
